 Dungeon Crawl Stone Soup version 0.25.0-1-g7eea58d (webtiles) character file.

Game seed: 17602385591762849421

6433 Illumine the Cleaver (level 10, -6/92 HPs)
             Began as a Deep Dwarf Fighter on June 17, 2020.
             Was a Priest of Makhleb.
             Mangled by a tentacled starspawn (22 damage)
             ... on level 2 of the Abyss.
             The game lasted 00:11:11 (5889 turns).

Illumine the Cleaver (Deep Dwarf Fighter)           Turns: 5889, Time: 00:11:12

Health: -6/92      AC: 10    Str: 29      XL:     10   Next: 67%
Magic:  9/9        EV: 14    Int:  9      God:    Makhleb [***...]
Gold:   397        SH:  5    Dex: 11 (12) Spells: 9/9 levels left

rFire    . . .     SeeInvis .   a - +3 battleaxe
rCold    . . .     Gourm    .   (shield currently unavailable)
rNeg     . . .     Faith    .   I - +0 scale mail
rPois    .         Spirit   .   (no helmet)
rElec    .         Reflect  +   t - +1 cloak
rCorr    .         Harm     .   (no gloves)
MR       +....                  (no boots)
Stlth    ..........             u - amulet of reflection
HPRegen  0.00/turn              m - +6 ring of strength
MPRegen  0.11/turn              (no ring)

@: about to teleport, very slightly contaminated, non-regenerating, diseased,
invisible
A: damage resistance, heal wounds, sense surroundings 2, no regeneration
a: Heal Wounds, Minor Destruction, Lesser Servant of Makhleb, Renounce Religion


You were on level 2 of the Abyss.
You worshipped Makhleb.
Makhleb was most pleased with you.
You were not hungry.

You visited 2 branches of the dungeon, and saw 10 of its levels.
You visited the Abyss 1 time.

You collected 397 gold pieces.

Inventory:

Hand Weapons
 a - a +3 battleaxe (weapon)
 b - a +1 triple crossbow of freezing
 s - a +1 antimagic hand axe
 H - a +1 war axe
Missiles
 w - 8 boomerangs (quivered)
 J - 22 bolts
Armour
 c - a +0 kite shield
 t - a +1 cloak (worn)
 I - a +0 scale mail (worn)
Jewellery
 m - a +6 ring of strength (left hand)
 u - an amulet of reflection (around neck)
Wands
 p - a wand of polymorph (18)
 r - a wand of acid (2)
 y - a wand of disintegration (6)
 B - a wand of random effects (21)
 D - a wand of digging (3)
 G - a wand of enslavement (6)
Scrolls
 k - 4 scrolls of teleportation
 l - 3 scrolls of remove curse
 v - 2 scrolls of enchant weapon
 A - a scroll of noise
 C - 2 scrolls of random uselessness
 E - a scroll of amnesia
 F - 2 scrolls of vulnerability {unknown}
Potions
 d - a potion of resistance {unknown}
 g - a potion of heal wounds {unknown}
 h - a potion of lignification {unknown}
 i - 2 potions of magic
 j - 2 potions of ambrosia
 n - 2 potions of invisibility
 o - 5 potions of brilliance
 q - 4 potions of stabbing
 x - a potion of berserk rage {unknown}
 z - a potion of curing {unknown}
Comestibles
 f - 22 rations
 K - 5 chunks of flesh


   Skills:
 + Level 6.5 Fighting
 * Level 9.4 Axes
 + Level 8.0 Armour
 + Level 7.1 Dodging
 - Level 7.7 Shields
 + Level 6.4 Invocations


You had 9 spell levels left.
You didn't know any spells.
Your spell library was empty.

Dungeon Overview and Level Annotations

Branches:
Dungeon (9/15)             Temple (1/1) D:5
   Lair: D:8-11         Orc: D:9-12

Altars:
Ashenzari
Cheibriados
Dithmenos
Elyvilon
Fedhas
Gozag
Hepliaklqana
Kikubaaqudgha
Makhleb
Nemelex Xobeh
Okawaru
Qazlal
Ru
Sif Muna
Trog
Uskayaw
Vehumet
Xom
Yredelemnul
Zin
The Shining One

Shops:
D:4 ?   D:6 (   D:9 %*

Annotations:
D:9 Psyche


Innate Abilities, Weirdness & Mutations

You are resistant to damage.
You can heal yourself by infusing magical energy.
You passively map the area around you.
You do not regenerate.


Message History

The raiju bursts into living lightning!
The living lightning hits you.
* * * LOW HITPOINT WARNING * * *
The raiju blinks!
The starspawn tentacle loses its grip on you.
The tentacle pulls you backwards!
The blink frog croaks.
The blink frog misses you.
You feel ill. The blink frog barely misses you.
You block the starspawn tentacle's attack.
You hit the starspawn tentacle.
The starspawn tentacle is lightly damaged.
You closely miss the blink frog.
You barely miss the tentacled starspawn.
You slash the starspawn tentacle! You hit the raiju. The blink frog hits you!
* * * LOW HITPOINT WARNING * * *
You block the starspawn tentacle's attack.
The raiju bites you. The raiju shocks you!
* * * LOW HITPOINT WARNING * * *
The tentacled starspawn bites you!!
You die...

...### .#..##### ..
#...#......# . #
###.#. ### .# . ##
§##....##.
...#§#§#§.#..#.##..#
.$.#.§#.x....###x #
.#...#§.ΛX...§. §##
.§...#wXF──.## ##
#..#.#@###>##
###.§.hw──..##
#..#.........
#....#§#.##..#
#....##.# ..#..
#####. #. §# # .. #
.#.


You could see a tentacled starspawn, an ancient zyme, a large abomination, a
raiju, a blink frog and 2 starspawn tentacles.

Vanquished Creatures
  Maurice (D:9)
  Joseph (D:7)
  3 hippogriffs
  A spriggan (D:7)
  A water moccasin (D:6)
  An orc warrior (D:7)
  An ice beast (D:8)
  4 sky beasts
  A phantom (D:7)
  2 black bears
  2 eyes of draining (D:3)
  2 centaurs
  8 ogres
  7 bullfrogs
  A big kobold (D:7)
  Blork the orc (D:4)
  A gnoll sergeant (D:8)
  3 scorpions
  4 howler monkeys
  5 wights (D:8)
  2 crimson imps
  3 centaur zombies
  A quasit (D:9)
  A bullfrog skeleton (D:7)
  A gnoll shaman (D:8)
  4 orc priests
  3 centaur skeletons
  4 hounds
  A jelly (D:5)
  Natasha (thrice) (D:2)
  Jessica (D:2)
  2 iguanas (D:8)
  7 worker ants
  A killer bee zombie (D:8)
  A hound zombie (D:8)
  9 gnolls (D:8)
  12 adders
  A shadow imp (D:5)
  2 oozes
  2 adder skeletons
  An adder zombie (D:7)
  A worm (D:2)
  6 dart slugs
  9 leopard geckos
  18 orcs
  8 giant cockroaches
  14 goblins
  11 hobgoblins
  4 jackals (D:9)
  2 quokkas
  A ball python (D:1)
  5 bats
  7 frilled lizards
  10 kobolds
  A leopard gecko zombie (D:8)
  5 rats
  A spectral orc (D:5)
  2 starspawn tentacles (Abyss:2)
217 creatures vanquished.

Vanquished Creatures (others)
  Harold (D:7)
  A kobold (D:7)
  4 starspawn tentacles (Abyss:2)
6 creatures vanquished.

Grand Total: 223 creatures vanquished

Notes
Turn   | Place    | Note
-------+----------+-------------------------------------------
     0 | D:1      | Illumine the Deep Dwarf Fighter began the quest for the
                  | Orb.
     0 | D:1      | Reached XP level 1. HP: 20/20 MP: 1/1
   182 | D:1      | Reached XP level 2. HP: 18/27 MP: 2/2
   235 | D:1      | Found a shattered altar of Ashenzari.
   391 | D:1      | Reached skill level 1 in Dodging
   474 | D:1      | Reached XP level 3. HP: 23/33 MP: 3/3
   586 | D:2      | Noticed Natasha
   597 | D:2      | Killed Natasha
   603 | D:2      | Reached XP level 4. HP: 24/42 MP: 4/4
   608 | D:2      | Noticed Natasha
   617 | D:2      | Killed Natasha
   617 | D:2      | Reached skill level 3 in Axes
   704 | D:2      | Noticed Natasha
   722 | D:2      | Killed Natasha
   740 | D:2      | Noticed Jessica
   745 | D:2      | Killed Jessica
   745 | D:2      | Reached XP level 5. HP: 49/49 MP: 4/4
   997 | D:3      | Noticed an eye of draining
   998 | D:3      | Found a bloodstained altar of Trog.
   998 | D:3      | Noticed an eye of draining
  1009 | D:3      | Killed an eye of draining
  1009 | D:3      | Reached XP level 6. HP: 54/56 MP: 0/5
  1360 | D:3      | Reached skill level 4 in Axes
  1579 | D:4      | Found Kesoxy's Magic Scroll Shop.
  1590 | D:4      | Reached XP level 7. HP: 40/64 MP: 6/6
  1757 | D:4      | Noticed Blork the orc
  1760 | D:4      | Killed Blork the orc
  1760 | D:4      | Reached skill level 5 in Armour
  1760 | D:4      | Reached skill level 5 in Shields
  1766 | D:4      | Found a shimmering blue altar of Sif Muna.
  1855 | D:5      | Entered Level 5 of the Dungeon
  1957 | D:5      | Found a staircase to the Ecumenical Temple.
  2000 | Temple   | Entered the Ecumenical Temple
  2184 | Temple   | Became a worshipper of Makhleb the Destroyer
  2355 | D:5      | Reached skill level 5 in Axes
  2355 | D:5      | Reached XP level 8. HP: 45/73 MP: 6/6
  2369 | D:5      | Found a shadowy altar of Dithmenos.
  2492 | D:5      | Found a basalt altar of Yredelemnul.
  2728 | D:6      | Found a sparkling altar of Nemelex Xobeh.
  2737 | D:6      | Reached skill level 1 in Invocations
  2914 | D:6      | Found Hetisiovue's Antique Weapon Boutique.
  2977 | D:6      | Reached * piety under Makhleb
  2977 | D:6      | Reached skill level 5 in Fighting
  3068 | D:6      | Found a bloodstained altar of Trog.
  3075 | D:6      | Reached skill level 6 in Axes
  3075 | D:6      | Reached skill level 5 in Dodging
  3845 | D:7      | Gained mutation: You passively map the area around you.
                  | [Deep Dwarf growth]
  3845 | D:7      | Reached XP level 9. HP: 50/81 MP: 8/8
  3901 | D:7      | Reached skill level 7 in Axes
  3946 | D:7      | Noticed Harold
  3971 | D:7      | Noticed Joseph
  3976 | D:7      | Killed Harold
  3982 | D:7      | Reached ** piety under Makhleb
  4002 | D:7      | Killed Joseph
  4002 | D:7      | Reached skill level 8 in Axes
  4002 | D:7      | Reached skill level 5 in Invocations
  4002 | D:7      | Reached XP level 10. HP: 62/91 MP: 10/10
  4295 | D:7      | Found a sacrificial altar of Ru.
  5118 | D:8      | Found a stormy altar of Qazlal.
  5143 | D:8      | Reached skill level 9 in Axes
  5268 | D:8      | Found a sparkling altar of Nemelex Xobeh.
  5294 | D:8      | Reached *** piety under Makhleb
  5331 | D:8      | Found an opulent altar of Gozag.
  5698 | D:9      | Noticed Maurice
  5706 | D:9      | Paralysed by something for 5 turns
  5726 | D:9      | Killed Maurice
  5814 | D:9      | Found Fesaok's General Store.
  5815 | D:9      | Found Bovowad's Food Boutique.
  5821 | D:9      | Noticed Psyche
  5828 | D:9      | Cast into level 1 of the Abyss (Psyche)
  5850 | Abyss:2  | Noticed a tentacled starspawn
  5882 | Abyss:2  | HP: 3/92 [large abomination (29)]
  5889 | Abyss:2  | Mangled by a tentacled starspawn

Illustrated notes

Levels and vault maps discovered:
D:1:      sevenhm_arrival_forest_fort_large_1, layout_loops_ring,
          nicolae_ashenzari_panopticon
D:2:      layout_loops_ring, first_ration, minmay_misc_feat_rugged,
          makhleb_heckhound_becter, uniq_jessica, uniq_natasha
D:3:      layout_rooms, trog_eyes_of_draining, skrybe_limestone_x
D:4:      layout_cave_pools, tgw_sif, marbit_many_paths, serial_shops, shop
D:5:      layout_cave_pools, nicolae_dithmenos_the_darkroom,
          yredelemnul_forgotten_temple_becter,
          minmay_temple_entry_drinking_statues, minmay_ogre_servants
D:6:      layout_layer_cave, serial_shops, shop, hangedman_feature_mirror
D:7:      layout_layer_cave, the_bakery, hangedman_ru_absence, uniq_harold,
          uniq_joseph
D:8:      layout_cave_pools, old_standard_altar,
          nicolae_qazlal_style_of_elements, lemuel_round_altar
D:9:      layout_irregular_city, orc_0_dummy, serial_shops, kennysheep_mini,
          shop, shop, shop, uniq_psyche, uniq_maurice
Temple:   dpeg_chambers_temple
Abyss:2:  base: Temple, hangedman_cross_veins, bh_silent_lugonu_exit

Skill      XL: |  1  2  3  4  5  6  7  8  9 10 |
---------------+-------------------------------+-----
Dodging        | 1 2 3 4 5 6 7 |  7.1
Fighting       | 3 4 5 6 |  6.5
Axes           | 3 4 5 6 8 9 |  9.4
Armour         | 4 5 6 7 8 |  8.0
Shields        | 4 5 6 7 |  7.7
Invocations    | 3 5 6 |  6.4

Action                   |  1- 3 |  4- 6 |  7- 9 | 10-12 || total
-------------------------+-------+-------+-------+-------++-------
Melee: War axe           |   105 |   132 |   267 |   128 ||   632
       Unarmed           |       |     6 |       |       ||     6
       Battleaxe         |       |       |       |    53 ||    53
 Abil: Heal Wounds       |       |     2 |    15 |     6 ||    23
Evoke: Wand              |       |       |     2 |     4 ||     6
  Use: Scroll            |       |     8 |       |     6 ||    14
       Potion            |       |     1 |     2 |     1 ||     4
 Stab: Held in net/web   |       |       |     1 |       ||     1
  Eat: Chunk             |       |     3 |     8 |     6 ||    17
Armor: Scale mail        |    40 |    53 |   125 |    89 ||   307
       Skin              |       |     3 |       |       ||     3
Dodge: Dodged            |    41 |    64 |   130 |   106 ||   341
Block: Kite shield       |    66 |    73 |   228 |   156 ||   523
       Reflection        |       |       |     5 |     9 ||    14
       Other             |       |       |       |    15 ||    15
